 Dungeon Crawl Stone Soup version 0.29-a0-9-g022ca4c890 (webtiles) character file.

Game seed: 5632460005014786979

730 Grim the Poker (level 8, -4/58 HPs)
             Began as a Formicid Fighter on Jan 28, 2022.
             Was a Follower of Zin.
             Slain by an ice beast (7 damage)
             ... on level 4 of the Dungeon.
             The game lasted 00:10:57 (4969 turns).

Grim the Poker (Formicid Fighter)                   Turns: 4969, Time: 00:10:58

Health: -4/58      AC: 12    Str: 18 (21) XL:     8   Next: 3%
Magic:  10/10      EV:  5    Int:  7 (10) God:    Zin [*.....]
Gold:   129        SH:  9    Dex:  9 (10) Spells: 7/7 levels left

rFire   . . .      SeeInvis +   E - +1 spear (venom)
rCold   . . .      Faith    .   c - +0 buckler
rNeg    . . .      Spirit   .   f - +0 plate armour
rPois   .          Reflect  +   (helmet unavailable)
rElec   .          Harm     .   o - +0 cloak
rCorr   +          Rampage  .   (no gloves)
Will    .....                   (no boots)
Stlth   ..........              v - amulet of reflection
HPRegen 0.19/turn               s - ring of resist corrosion
MPRegen 0.12/turn               (no ring)

@: on recite cooldown
A: permanent stasis, dig shafts and tunnels, antennae 3, four strong arms
a: Dig, Shaft Self, Renounce Religion, Recite, Donate Gold


You were on level 4 of the Dungeon.
You worshipped Zin.
Zin was aware of your devotion.
You visited 2 branches of the dungeon, and saw 6 of its levels.
You also visited: Sewer.

You collected 143 gold pieces.
You donated 14 gold pieces to Zin.

Inventory:

Hand Weapons
 a - a +0 trident
 E - a +1 spear of venom (weapon)
Missiles
 h - 150 stones
 l - 26 poisoned darts
 t - 3 boomerangs
 u - a throwing net
 y - a curare-tipped dart
Armour
 c - a +0 buckler (worn)
 f - a +0 plate armour (worn)
 o - a +0 cloak (worn)
Jewellery
 s - a ring of resist corrosion (left hand)
 v - an amulet of reflection (around neck)
 C - an amulet of faith
Wands
 m - a wand of flame (41)
Scrolls
 b - a scroll of magic mapping {unknown}
 g - 4 scrolls of amnesia {unknown}
 i - 5 scrolls of identify {unknown}
 p - 4 scrolls of teleportation {unknown}
 q - a scroll of noise {unknown}
 r - 2 scrolls of holy word {unknown}
 w - 2 scrolls of immolation {unknown}
 x - 2 scrolls of blinking {unknown}
 A - a scroll of fog {unknown}
 B - a scroll of enchant armour {unknown}
 D - a scroll of torment {unknown}
Potions
 d - a potion of might
 e - a potion of lignification {unknown}
 j - a potion of degeneration {!q}
 k - a potion of curing {unknown}
 n - 2 potions of resistance {unknown}
 z - a potion of magic {unknown}


   Skills:
 - Level 3.2 Fighting
 * Level 7.9 Polearms
 - Level 3.2 Armour
 - Level 3.6 Shields
 + Level 3.3 Invocations


You had 7 spell levels left.
You didn't know any spells.
Your spell library contained the following spells:

 Spells                   Type           Power      Damage    Failure   Level
 Beastly Appendage        Tmut           0%         N/A       100%        1
 Magic Dart               Conj           0%         1d3       100%        1
 Call Imp                 Summ           0%         N/A       100%        2
 Wereblood                Tmut           0%         N/A       100%        2
 Mephitic Cloud           Conj/Pois/Air  0%         N/A       100%        3
 Spider Form              Tmut/Pois      0%         N/A       100%        3


Dungeon Overview and Level Annotations

Branches:
Dungeon (5/15)             Temple (1/1) D:4           Sewer (visited)

Altars:
Ashenzari
Cheibriados
Dithmenos
Elyvilon
Fedhas
Gozag
Hepliaklqana
Makhleb
Nemelex Xobeh
Okawaru
Qazlal
Ru
Sif Muna
Trog
Uskayaw
Vehumet
Wu Jian
Xom
Yredelemnul
Zin
The Shining One

Shops:
D:3 :


Innate Abilities, Weirdness & Mutations

You cannot be hasted, slowed, berserked, paralysed or teleported.
You can dig through walls and to a lower floor.
You have a pair of large antennae on your head. (SInv)
Your four strong arms can wield two-handed weapons with a shield.


Message History

You hit the ice beast.
The ice beast is moderately wounded.
You block the ice beast's attack.
You barely miss the ice beast.
The ice beast is moderately wounded.
The ice beast hits you.
* * * LOW HITPOINT WARNING * * *
The ice beast freezes you!
* * * LOW HITPOINT WARNING * * *
You barely miss the ice beast.
The ice beast is moderately wounded.
You hit the ice beast.
The ice beast is heavily wounded.
The ice beast hits you but does no damage.
Activating: Recite (1% risk of failure)
Press: ? - help, Dir - look around, f - activate You clear your throat and prepare to recite. "Zin spoke of the doctrine of hygiene, and..."
The orc is smitten by the wrath of Zin.
You kill the orc!
The ice beast hits you but does no damage.
You puncture the ice beast!
The ice beast is severely wounded.
The ice beast hits you but does no damage.
You closely miss the ice beast.
The ice beast is severely wounded. "...saw the squalid dregs filled with fear, for they were..."
The ice beast hits you.
* * * LOW HITPOINT WARNING * * *
The ice beast freezes you!
* * * LOW HITPOINT WARNING * * *
It was a potion of degeneration.
There was something very wrong with that liquid.
You feel weakened.
You feel dopey.
You feel clumsy. "...contaminated and knew Zin's wrath would come for them."
You finish reciting Ablutions 3:81.
The ice beast hits you.
* * * LOW HITPOINT WARNING * * *
The ice beast freezes you!
You die...

##...########....#
........))...>..##
.........).....##
.##......).....#
###...###.....## ##..###
#####..# #..## ##)## #.##
##Y## ..# ##@### ## ..# ##..##
##. ..# ##..## ##..
..######### ##..## ###.##
....<.....#########...# ##).##
..................#..##
###...# ..................#..#
##....##
...###......≈≈≈...#..###....##
..## ###...≈≈≈≈≈......#...###


You could see an ice beast.

Vanquished Creatures
  A sky beast (D:3)
  5 kobold brigands (Sewer)
  2 hounds (D:4)
  Terence (D:2)
  3 orc wizards
  A hound skeleton (D:3)
  3 adders
  7 worms
  3 dart slugs
  9 orcs
  11 ball pythons
  7 endoplasms
  3 giant cockroaches
  10 goblins
  8 hobgoblins
  6 jackals
  4 quokkas
  4 bats
  2 frilled lizards (D:1)
  13 kobolds
  15 rats
118 creatures vanquished.

Notes
Turn   | Place    | Note
-------+----------+-------------------------------------------
     0 | D:1      | Grim the Formicid Fighter began the quest for the Orb.
     0 | D:1      | Reached XP level 1. HP: 18/18 MP: 1/1
   198 | D:1      | Reached XP level 2. HP: 24/24 MP: 2/2
   268 | D:1      | Reached skill level 3 in Polearms
   352 | D:1      | Reached XP level 3. HP: 29/29 MP: 3/3
   803 | D:2      | Noticed Terence
   810 | D:2      | Killed Terence
   811 | D:2      | Reached skill level 4 in Polearms
   811 | D:2      | Reached XP level 4. HP: 27/35 MP: 4/4
  1856 | D:3      | Reached XP level 5. HP: 34/41 MP: 5/5
  1992 | D:3      | Noticed a sky beast
  2013 | D:3      | Killed a sky beast
  2014 | D:3      | Reached skill level 5 in Polearms
  2014 | D:3      | Reached XP level 6. HP: 33/47 MP: 6/6
  2451 | D:3      | Found a faded altar of an unknown god.
  2529 | D:3      | Reached skill level 6 in Polearms
  2620 | D:3      | Found Sutoc's Book Emporium.
  2745 | D:4      | Found a staircase to the Ecumenical Temple.
  2753 | Temple   | Entered the Ecumenical Temple
  2910 | Temple   | Became a worshipper of Zin the Law-Giver
  2910 | Temple   | Reached * piety under Zin
  3119 | D:4      | Found a glowing drain.
  3129 | Sewer    | Entered a sewer
  3188 | Sewer    | Reached skill level 1 in Invocations
  3188 | Sewer    | Reached XP level 7. HP: 12/52 MP: 6/8
  3482 | Sewer    | Reached skill level 7 in Polearms
  4477 | D:4      | Identified the +9 hunting sling "Herakhuk" {flame, Fly rF-
                  | rC+ Dex+4}
  4931 | D:5      | Entered Level 5 of the Dungeon
  4942 | D:5      | Reached XP level 8. HP: 54/58 MP: 10/10
  4969 | D:4      | Slain by an ice beast

Illustrated notes

Levels and vault maps discovered:
D:1:      denvon_arrival_waterhouse, layout_basic
D:2:      layout_loops_ring, uniq_terence
D:3:      layout_basic, serial_shops, nicolae_shop_hallway_plus,
          shapermc_ecumenical_altar_mp_urbaneastern
D:4:      layout_layer_cave, minmay_temple_entry_grid, portal_sewer_entry_a
D:5:      layout_basic, serial_shops, shop_statue,
          nicolae_shop_bloodbath_and_beyond, minmay_diced_spiral
Temple:   kilobyte_greek_temple

Skill      XL: |  1  2  3  4  5  6  7 |
---------------+----------------------+-----
Polearms       | 3 4 5 6 7 |  7.9
Invocations    | 1 3 |  3.3
Fighting       | |  3.2
Armour         | |  3.2
Shields        | |  3.6

Action                   |  1- 3 |  4- 6 |  7- 9 || total
-------------------------+-------+-------+-------++-------
Melee: Trident           |    69 |   191 |   135 ||   395
       Spear             |       |       |    21 ||    21
Invok: Recite            |       |       |     1 ||     1
  Use: Potion            |       |       |     2 ||     2
Armor: Scale mail        |    13 |     8 |       ||    21
       Plate armour      |       |    72 |    54 ||   126
Dodge: Dodged            |    20 |    39 |    12 ||    71
Block: Buckler           |    10 |    54 |    39 ||   103
       Reflection        |       |       |     8 ||     8

Table legend: (Time is in decaauts)
 A = Elapsed time spent in this place.
 B = Non-inter-level travel time spent in this place.
 C = Inter-level travel time spent in this place.
 D = Time resting spent in this place.
 E = Time spent auto-exploring this place.
 F = Levels seen in this place.
 G = Mean time per level.
                   A        B        C        D        E       F      G
               +--------+--------+--------+--------+--------+-----+--------+
         Total |   5136 |   4991 |    145 |    344 |   3542 |   7 |  733.7 |
       Dungeon |   3616 |   3485 |    131 |     93 |   2604 |   5 |  723.2 |
        Temple |    215 |    201 |     14 |      0 |    158 |   1 |  215.0 |
         Sewer |   1304 |   1304 |      0 |    251 |    780 |   1 | 1304.0 |
               +--------+--------+--------+--------+--------+-----+--------+

Top non-repeatable levels by time:
   Sewer: 1304 daAuts
     D:3: 973 daAuts
     D:4: 925 daAuts
     D:2: 892 daAuts
     D:1: 815 daAuts
  Temple: 215 daAuts
     D:5: 10 daAuts
